 Dungeon Crawl Stone Soup version 0.19.5 (webtiles) character file.

94688 greprep the Imperceptible (level 15, -15/77 HPs)
             Began as a Spriggan Enchanter on May 12, 2017.
             Was the Champion of Ashenzari.
             Killed from afar by a thorn hunter (17 damage)
             ... with a volley of thorns
             ... on level 1 of the Swamp.
             The game lasted 02:02:39 (35535 turns).

greprep the Imperceptible (Spriggan Enchanter)     Turns: 35535, Time: 02:02:39

Health: -15/77     AC:  8    Str:  4    XL:     15   Next: 64%
Magic:  19/32      EV: 24    Int: 22    God:    Ashenzari [******]
Gold:   757        SH:  9    Dex: 23    Spells: 9 memorised, 5 levels left

rFire  . . .     SeeInvis +     z - +9 dagger (drain) (curse)
rCold  . . .     Gourm    .     i - +2 robe {MR+} (curse)
rNeg   . . .     Faith    .     t - +0 buckler {AC+3} (curse)
rPois  +         Spirit   .     (helmet restricted)
rElec  .         Reflect  .     r - +0 cloak {rPois}
rCorr  .         Harm     .     (gloves unavailable)
MR     +++..     Clarity  +     (boots unavailable)
Stlth  ++++......               b - amulet of magic regeneration
                                o - +5 ring of intelligence (curse)
                                j - +3 ring of slaying (curse)

@: about to teleport, very slightly contaminated, studying Ice Magic, invisible,
very quick
A: unfitting armour, see invisible, herbivore 3, speed 3, poison resistance,
slow metabolism 2
a: Curse Item, Scrying, Transfer Knowledge, Renounce Religion


You were on level 1 of the Swamp.
You worshipped Ashenzari.
Ashenzari was exalted by your worship.
You were not hungry.

You visited 5 branches of the dungeon, and saw 25 of its levels.
You also visited: Labyrinth.

You collected 2128 gold pieces.
You spent 1371 gold pieces at shops.

Inventory:

Hand Weapons
 z - a cursed +9 dagger of draining (weapon)
Armour
 i - a cursed +2 robe of magic resistance (worn)
 r - a +0 cloak of poison resistance (worn)
 t - a cursed +0 buckler of protection (worn)
Jewellery
 b - an amulet of magic regeneration (around neck)
 j - a cursed +3 ring of slaying (left hand)
 o - a cursed +5 ring of intelligence (right hand)
 v - an uncursed ring of positive energy
 y - an uncursed ring of protection from magic
 J - a +2 ring of protection
Wands
 g - a wand of enslavement (6/24)
 k - a wand of acid (8/15)
 l - a wand of disintegration (21/24)
 u - a wand of enslavement (10/24)
 L - a wand of acid (9/15)
 O - a wand of iceblast (8/15)
 P - a wand of digging (8/24)
 R - a wand of enslavement (13/24)
 T - a wand of flame (14/48)
 U - a wand of polymorph (8/24)
 V - a wand of digging (14/24)
 W - a wand of lightning (1/15)
Scrolls
 f - 2 scrolls of magic mapping
 h - 3 scrolls of teleportation
 m - 3 scrolls of amnesia
 A - a scroll of silence
 D - a scroll of holy word
 E - 4 scrolls of recharging
 H - 2 scrolls of fear
Potions
 a - a potion of ambrosia
 e - 5 potions of curing
 s - 3 potions of might
 w - a potion of magic
 x - 2 potions of agility
 B - 4 potions of invisibility
 C - 2 potions of flight
 F - 2 potions of resistance
 I - a potion of heal wounds
 K - a potion of cure mutation {unknown}
 N - 4 potions of brilliance
Books
 c - a book of Maledictions

   Spells                             Type                      Level
   a - Corona                         Hexes                        1
   b - Ensorcelled Hibernation        Hexes/Ice                    2
   c - Confuse                        Hexes                        3
   d - Tukima's Dance                 Hexes                        3
   e - Dazzling Spray                 Conjuration/Hexes            3
 n - a book of Necromancy

   Spells                             Type                      Level
   a - Pain                           Necromancy                   1
   b - Animate Skeleton               Necromancy                   1
   c - Vampiric Draining              Necromancy                   3
   d - Regeneration                   Charms/Necromancy            3
   e - Animate Dead                   Necromancy                   4
   f - Control Undead                 Necromancy                   4
 q - a book of Clouds

   Spells                             Type                      Level
   a - Mephitic Cloud                 Conjuration/Poison/Air       3
   b - Conjure Flame                  Conjuration/Fire             3
   c - Poisonous Cloud                Conjuration/Poison/Air       6
   d - Freezing Cloud                 Conjuration/Ice/Air          6
   e - Ring of Flames                 Charms/Fire                  7
 Q - a book of Party Tricks

   Spells                             Type                      Level
   a - Summon Butterflies             Summoning                    1
   b - Apportation                    Translocation                1
   c - Lesser Beckoning               Translocation                3
   d - Tukima's Dance                 Hexes                        3
   e - Alistair's Intoxication        Transmutation/Poison         5
   f - Invisibility                   Hexes                        6
 Y - a manual of Ice Magic
 Z - a book of Enchantments

   Spells                             Type                      Level
   a - Cause Fear                     Hexes                        4
   b - Yara's Violent Unravelling     Hexes/Transmutation          5
   c - Silence                        Hexes/Air                    5
   d - Deflect Missiles               Charms/Air                   6
   e - Discord                        Hexes                        8
Comestibles
 d - 15 bread rations
 p - 41 fruits


   Skills:
 * Level 8.1 Fighting
 + Level 8.9(13.3) Short Blades
 + Level 5.7 Armour
 + Level 7.0 Dodging
 * Level 21.1 Stealth
 + Level 5.4(8.4) Shields
 * Level 12.9 Spellcasting
 + Level 10.5(13.3) Hexes
 * Level 5.0(8.0) Charms
 * Level 2.2(4.6) Necromancy
 + Level 7.4(10.5) Transmutations
 + Level 6.1(9.2) Ice Magic
 * Level 2.9(5.5) Air Magic
 + Level 5.8(8.9) Poison Magic


You had 5 spell levels left.
You knew the following spells:

 Your Spells              Type           Power        Failure   Level  Hunger
a - Corona                Hex            ######.      1%          1    None
b - Ensorcelled Hibernat  Hex/Ice        ######       1%          2    None
c - Confuse               Hex            ######..     1%          3    None
d - Alistair's Intoxicat  Tmut/Pois      ######..     2%          5    ###....
e - Cause Fear            Hex            ######....   1%          4    None
f - Invisibility          Hex            ######..     2%          6    #####..
g - Deflect Missiles      Chrm/Air       #####.....   41%         6    #####..
h - Regeneration          Chrm/Necr      #####.....   1%          3    None
i - Control Undead        Necr           ####......   10%         4    None


Dungeon Overview and Level Annotations

Branches:
Dungeon (15/15)            Temple (1/1) D:7            Lair (6/6) D:11
  Swamp (1/4) Lair:4       Spider (0/4) Lair:2        Slime (0/5) Lair:5
    Orc (2/2) D:12            Elf (0/3) Orc:2        Vaults (0/5) D:13
 Depths (0/5) D:15

Altars:
Ashenzari
Cheibriados
Dithmenos
Elyvilon
Fedhas
Gozag
Hepliaklqana
Kikubaaqudgha
Makhleb
Nemelex Xobeh
Okawaru
Qazlal
Ru
Sif Muna
Trog
Uskayaw
Vehumet
Xom
Yredelemnul
Zin
The Shining One
Jiyva

Shops:
D:7 }   D:13 *   Orc:2 (!*::=(

Portals:
Trove: D:11 (give +2 gold dragon scales)


Innate Abilities, Weirdness & Mutations

You are very small and have problems with some larger weapons.
You are too small for most types of armour.
You have supernaturally acute eyesight. (SInv)
You are a herbivore.
You cover ground extremely quickly.
You need consume almost no food.
Your system is resistant to poisons. (rPois)


Message History

Found 18 arrows.
Casting: Confuse
Confirm with . or Enter, or press ? or * to list all spells.
Aiming: Invisibility
Press: ? - help, Shift-Dir - straight line, f - you You miscast Invisibility.
You feel a bit tired.
The briar patch crumbles away. x2
Casting: Invisibility
Confirm with . or Enter, or press ? or * to list all spells.
Aiming: Invisibility
Press: ? - help, Shift-Dir - straight line, f - you You fade into invisibility!
The briar patch crumbles away.
As you read the scroll of teleportation, it crumbles to dust.
You feel strangely unstable.
The briar patch crumbles away. x2
You enter the shallow water.
Moving in this stuff is going to be slow. ...and don't expect to remain undetected.
The thorn hunter fires a volley of thorns at you.
The volley of thorns hits you!
You die...

♣♣.......♣♣≈.≈≈.♣*
≈≈≈≈♣≈≈≈≈
♣....#.##.♣♣.≈§.♣ ≈≈≈≈≈
.....##.#..♣....♣♣ *, ≈
≈≈≈ #...........≈≈≈§≈♣ *♣♣
, * ≈≈
#.#..##...#.≈≈≈.♣♣*≈≈♣**
,≈≈ , ≈
..#..P#.../.≈≈≈≈≈♣♣.♣♣♣♣
,,* *
.....P......≈≈≈≈≈..§≈≈≈.,≈
≈**
..##.PP..#..≈≈≈≈≈..≈≈≈≈.*
.....P.#......f≈@♣.(≈≈,,*
, ≈, ..##.PP##.†...♣♣♣♣* ≈
, ≈ ≈≈ ..#..P........♣
,***∆ ≈ ≈ ≈ ,≈
.....P......≈≈♣∆ ≈ ≈ ≈ ≈ ≈
* ≈....P...♣.....≈* { ≈, ≈
≈ , ≈.≈≈.♣♣♣♣♣♣.≈≈≈.♣ *,≈
, ≈ ≈, .≈≈≈.♣* ≈..≈≈≈.≈* ≈
≈ ≈ * .≈≈..♣ , ♣≈.[≈≈≈.≈♣*
≈ * , , * ≈≈≈.≈..♣*
.......♣♣*≈ , ,≈* *


You could see a thorn hunter.

Vanquished Creatures
  Kirke (Lair:4)
  A fire giant (D:15)
  2 orc warlords
  Nessos (Lair:6)
  6 dire elephants (Lair:6)
  An ogre mage (D:15)
  Josephine (Lair:6)
  A minotaur (Lab)
  Erolcha (D:13)
  7 hydras
  6 vault guards (D:13)
  A rakshasa (D:15)
  5 centaur warriors
  An anaconda (Lair:6)
  A catoblepas (Lair:5)
  5 orc high priests (Orc:2)
  2 tengu warriors
  A death yak (Lair:5)
  An unseen horror (shapeshifter) (D:15)
  A wizard (D:15)
  3 unseen horrors
  6 hill giants
  4 orc knights (Orc:2)
  3 manticores
  3 cyclopes
  A necromancer (Lair:3)
  An orc sorcerer (Orc:1)
  A deep elf mage (D:14)
  4 elephants (Lair:6)
  A black mamba (Lair:2)
  A gargoyle (D:12)
  A rime drake (Lair:6)
  5 komodo dragons
  13 spiny frogs
  A kobold demonologist (D:15)
  2 efreet
  3 tengu conjurers
  2 tyrant leeches (Lair:4)
  The ghost of Fairytaker the Chopper, an amateur DgFi (D:3)
  3 polar bears
  8 trolls
  7 slime creatures
  Prince Ribbit (D:5)
  Grinder (D:6)
  3 two-headed ogres
  4 dream sheep (Lair:6)
  4 hornets
  9 hippogriffs
  A bog body (Swamp:1)
  A shadow (D:14)
  4 spriggans
  3 wyverns
  2 redbacks
  5 wraiths
  4 hogs (Lair:4)
  4 basilisks
  45 yaks
  10 hungry ghosts
  Grum (Lair:1)
  A redback simulacrum (D:15)
  18 vampire mosquitoes
  A mottled dragon (D:12)
  4 wargs
  3 insubstantial wisps (Swamp:1)
  2 soldier ants (D:11)
  A swamp worm (Lair:4)
  8 water moccasins
  4 porcupines
  Duvessa (D:7)
  4 sky beasts
  2 necrophages
  46 orc warriors
  3 phantoms
  22 wolves
  18 ogres
  18 centaurs
  17 crocodiles
  4 big kobolds
  24 bullfrogs
  Dowan (D:7)
  4 scorpions
  3 killer bees (D:11)
  14 wights
  2 howler monkeys
  10 crimson imps
  2 bullfrog zombies
  4 centaur zombies
  3 centaur skeletons
  5 jellies
  33 orc priests
  Crazy Yiuf (D:3)
  4 hounds
  2 bullfrog skeletons
  2 iguanas
  16 orc wizards
  8 worker ants
  2 polar bear simulacra (Lair:3)
  5 yak simulacra (Lair:3)
  2 wolf simulacra (Lair:3)
  A hound zombie (D:6)
  3 hound skeletons
  A howler monkey zombie (D:5)
  A gnoll (D:1)
  3 river rats (D:11)
  8 adders
  3 shadow imps
  2 oozes (D:2)
  3 worms
  A dart slug (D:2)
  5 leopard geckos
  107 orcs
  3 giant cockroaches
  10 hobgoblins
  9 jackals
  21 kobolds
  6 quokkas
  2 ball pythons
  11 bats
  8 frilled lizards
  3 goblins
  20 rats
  2 river rat simulacra (Lair:3)
  2 fungi
  2 plants (Lair:6)
783 creatures vanquished.

Vanquished Creatures (collateral kills)
  A vampire mosquito (Swamp:1)
  A swamp worm (Swamp:1)
2 creatures vanquished.

Vanquished Creatures (others)
  A vampire mosquito (Swamp:1)
  A briar patch (Swamp:1)
  A bush (Lair:4)
  2 fungi
  13 plants
18 creatures vanquished.

Grand Total: 803 creatures vanquished

Notes
Turn   | Place    | Note
-------+----------+-------------------------------------------
     0 | D:1      | greprep the Spriggan Enchanter began the quest for the Orb.
     0 | D:1      | Reached XP level 1. HP: 9/9 MP: 5/5
   933 | D:1      | Reached XP level 2. HP: 13/13 MP: 6/6
   941 | D:1      | Learned a level 2 spell: Ensorcelled Hibernation
  1516 | D:2      | Reached XP level 3. HP: 14/16 MP: 8/8
  1758 | D:2      | Reached skill level 5 in Stealth
  2350 | D:3      | Noticed Fairytaker's ghost (amateur DgFi)
  2564 | D:2      | Learned a level 3 spell: Confuse
  2666 | D:3      | Reached XP level 4. HP: 21/21 MP: 9/9
  2696 | D:3      | Found a runed door.
  2700 | D:3      | Noticed Crazy Yiuf
  2712 | D:3      | Killed Crazy Yiuf
  2712 | D:3      | Reached skill level 1 in Fighting
  2887 | D:3      | Killed Fairytaker's ghost
  2887 | D:3      | Reached skill level 6 in Stealth
  2887 | D:3      | Reached XP level 5. HP: 25/25 MP: 1/11
  2887 | D:3      | Reached XP level 6. HP: 30/30 MP: 1/12
  2984 | D:3      | Found an opulent altar of Gozag.
  3009 | D:3      | Reached skill level 7 in Stealth
  3941 | D:4      | Reached skill level 1 in Armour
  3964 | D:4      | Reached XP level 7. HP: 33/33 MP: 10/13
  4004 | D:4      | Reached skill level 8 in Stealth
  4004 | D:4      | Reached skill level 1 in Ice Magic
  4017 | D:4      | Reached skill level 5 in Hexes
  4753 | D:5      | Entered Level 5 of the Dungeon
  5092 | D:5      | Found an iron altar of Okawaru.
  5214 | D:5      | Reached skill level 1 in Shields
  5362 | D:5      | Reached skill level 9 in Stealth
  5412 | D:5      | Reached XP level 8. HP: 31/39 MP: 0/15
  5562 | D:5      | Noticed Prince Ribbit
  5569 | D:5      | Killed Prince Ribbit
  5998 | D:5      | Reached skill level 10 in Stealth
  6459 | D:6      | Noticed Grinder
  6473 | D:6      | Killed Grinder
  6473 | D:6      | Reached skill level 5 in Short Blades
  7000 | D:6      | Reached XP level 9. HP: 43/43 MP: 17/17
  7311 | D:7      | Found Qijimm's Gadget Emporium.
  7548 | D:7      | Reached skill level 5 in Spellcasting
  7766 | D:7      | Found a staircase to the Ecumenical Temple.
  7775 | Temple   | Entered the Ecumenical Temple
  7939 | Temple   | Became a worshipper of Ashenzari the Shackled
  8038 | D:7      | Reached skill level 11 in Stealth
  8098 | D:7      | Noticed Duvessa
  8099 | D:7      | Noticed Dowan
  8100 | D:7      | Killed Duvessa
  8113 | D:7      | Killed Dowan
  8769 | D:8      | Gained mutation: Your system is resistant to poisons. (rPois) [potion of beneficial mutation]
  9701 | D:9      | Reached skill level 12 in Stealth
  9797 | D:9      | Found an ancient bone altar of Kikubaaqudgha.
  9821 | D:9      | Found a radiant altar of Vehumet.
  9895 | D:9      | Reached * piety under Ashenzari
  9957 | D:9      | Reached XP level 10. HP: 49/49 MP: 7/19
 10612 | D:9      | Noticed a hill giant
 10614 | D:9      | Killed a hill giant
 10740 | D:10     | Entered Level 10 of the Dungeon
 11497 | D:11     | Reached skill level 13 in Stealth
 11504 | D:11     | Noticed a manticore
 11513 | D:11     | Killed a manticore
 11696 | D:11     | Reached ** piety under Ashenzari
 11841 | D:11     | Noticed a cyclops
 11850 | D:11     | Found a staircase to the Lair.
 11896 | D:11     | Killed a cyclops
 11896 | D:11     | Reached skill level 5 in Dodging
 11919 | D:11     | Reached XP level 11. HP: 43/54 MP: 6/21
 12057 | D:11     | Found a portal to a secret trove of treasure.
 12131 | D:11     | Reached skill level 14 in Stealth
 12832 | D:11     | Noticed an unseen horror
 12839 | D:11     | Killed an unseen horror
 13449 | Lair:1   | Entered Level 1 of the Lair of Beasts
 13454 | Lair:1   | Found a labyrinth entrance.
 13542 | Lair:1   | Reached skill level 5 in Armour
 13707 | Lab      | Entered a labyrinth
 13756 | Lab      | Noticed an unseen horror
 13759 | Lab      | Killed an unseen horror
 13759 | Lab      | Reached skill level 15 in Stealth
 13777 | Lab      | Reached skill level 5 in Fighting
 14027 | Lab      | Noticed a minotaur
 14070 | Lab      | Killed a minotaur
 14103 | Lab      | Identified the +9 rapier "Baridakk" {antimagic, *Noise Str+3 Int+5} (You found it in a labyrinth)
 14110 | Lab      | Got the uncursed leather armour of Gumacs {rF+ Regen+}
 14662 | Lair:1   | Noticed Grum
 14674 | Lair:1   | Killed Grum
 15207 | Lair:2   | Reached *** piety under Ashenzari
 15244 | Lair:2   | Reached XP level 12. HP: 41/60 MP: 14/24
 15539 | Lair:2   | Reached skill level 16 in Stealth
 15614 | Lair:2   | Found a hole to the Spider Nest.
 16760 | Lair:3   | Reached **** piety under Ashenzari
 17813 | Lair:4   | Noticed an eight-headed hydra
 17820 | Lair:4   | Killed an eight-headed hydra
 17820 | Lair:4   | Reached skill level 5 in Shields
 17827 | Lair:4   | Learned a level 5 spell: Alistair's Intoxication
 17959 | Lair:4   | Reached skill level 1 in Transmutations
 18175 | Lair:4   | Reached skill level 1 in Poison Magic
 18208 | Lair:4   | Reached skill level 17 in Stealth
 18327 | Lair:4   | Identified the +10 long sword of Litzik {slice, rF+ MR+ SInv}
 18500 | Lair:4   | Noticed a seven-headed hydra
 18515 | Lair:4   | Killed a seven-headed hydra
 18563 | Lair:4   | Noticed Kirke
 18753 | Lair:4   | Killed Kirke
 18975 | Lair:4   | Reached XP level 13. HP: 65/65 MP: 24/27
 19024 | Lair:4   | Found a staircase to the Swamp.
 19602 | Lair:5   | Identified the +5 scale mail of Wasted Space {rC+ Int+6}
 19603 | Lair:5   | Found a staircase to the Slime Pits.
 19603 | Lair:5   | Found a viscous altar of Jiyva.
 19774 | Lair:5   | Reached ***** piety under Ashenzari
 20652 | Lair:6   | Entered Level 6 of the Lair of Beasts
 20665 | Lair:6   | Reached skill level 18 in Stealth
 21366 | Lair:6   | Reached skill level 5 in Transmutations
 21577 | Lair:6   | Reached skill level 10 in Spellcasting
 21979 | Lair:6   | Noticed a dire elephant
 21979 | Lair:6   | Noticed a dire elephant
 21979 | Lair:6   | Noticed a dire elephant
 21982 | Lair:6   | Noticed a dire elephant
 22027 | Lair:6   | Noticed a dire elephant
 22231 | Lair:5   | Learned a level 4 spell: Cause Fear
 22315 | Lair:6   | Killed a dire elephant
 22335 | Lair:6   | Killed a dire elephant
 22427 | Lair:6   | Learned a level 6 spell: Invisibility
 22446 | Lair:6   | Killed a dire elephant
 22574 | Lair:6   | Reached skill level 5 in Ice Magic
 22920 | Lair:6   | Noticed a dire elephant
 22927 | Lair:6   | Killed a dire elephant
 22960 | Lair:6   | Noticed Nessos
 22965 | Lair:6   | Noticed Josephine
 22970 | Lair:6   | Killed Nessos
 22990 | Lair:6   | Killed Josephine
 23230 | Lair:6   | Reached skill level 19 in Stealth
 23230 | Lair:6   | Reached XP level 14. HP: 70/70 MP: 25/29
 24466 | D:12     | Found a staircase to the Orcish Mines.
 25004 | D:12     | Reached skill level 5 in Poison Magic
 26016 | D:13     | Noticed Erolcha
 26032 | D:13     | Killed Erolcha
 26464 | D:13     | Found a shadowy altar of Dithmenos.
 26523 | D:13     | Identified the +4 trident of Rubbish {holy, rC- Int+5 Dex+7}
 26528 | D:13     | Found Teischu's General Store.
 26538 | D:13     | Bought a potion of curing for 36 gold pieces
 26538 | D:13     | Bought a scroll of blinking for 90 gold pieces
 26538 | D:13     | Bought a bread ration for 60 gold pieces
 26955 | D:13     | Found a gate to the Vaults.
 27489 | D:14     | Learned a level 6 spell: Deflect Missiles
 27601 | D:14     | Reached skill level 10 in Hexes
 27961 | D:14     | Reached skill level 1 in Charms
 28461 | D:15     | Entered Level 15 of the Dungeon
 28475 | D:15     | Reached skill level 20 in Stealth
 28475 | D:15     | Reached skill level 1 in Air Magic
 29551 | D:15     | Reached XP level 15. HP: 76/76 MP: 20/32
 29563 | D:15     | Noticed a fire giant
 29584 | D:15     | Found a staircase to the Depths.
 29585 | D:15     | Killed a fire giant
 29682 | D:15     | Identified the +0 chain mail "Urpho" {MR+ Str+4}
 30482 | Orc:1    | Entered Level 1 of the Orcish Mines
 30487 | Orc:1    | Noticed an orc warlord
 30726 | D:12     | Killed an orc warlord
 31280 | Orc:2    | Entered Level 2 of the Orcish Mines
 31283 | Orc:2    | Found Heocs's Weapon Shoppe.
 31287 | Orc:2    | Found Ibamel's Book Emporium.
 31293 | Orc:2    | Found Kiut's Jewellery Shop.
 31364 | Orc:2    | Found a staircase to the Elven Halls.
 32456 | Orc:2    | Bought a book of Necromancy for 420 gold pieces
 32460 | Orc:2    | Learned a level 3 spell: Regeneration
 32465 | Orc:2    | Learned a level 4 spell: Control Undead
 32758 | Orc:1    | Reached ****** piety under Ashenzari
 33872 | Orc:1    | Noticed an orc warlord
 33897 | Orc:1    | Reached skill level 1 in Necromancy
 34096 | Orc:1    | Killed an orc warlord
 34604 | Orc:2    | Reached skill level 21 in Stealth
 34619 | Orc:2    | Found Fats's Book Boutique.
 34619 | Orc:2    | Found Nethreesch's Weapon Boutique.
 34620 | Orc:2    | Found Vixepunt's Distillery.
 34620 | Orc:2    | Found Joinger's General Store.
 34658 | Orc:2    | Bought a book of Clouds for 765 gold pieces
 34960 | Swamp:1  | Entered Level 1 of the Swamp
 34964 | Swamp:1  | Identified the ring of the Bull {Int+4 Dex+3}
 35219 | Swamp:1  | Reached skill level 5 in Charms
 35500 | Swamp:1  | Noticed a thorn hunter
 35528 | Swamp:1  | HP: 1/77 [thorn hunter/volley of thorns (26)]
 35535 | Swamp:1  | Killed from afar by a thorn hunter

Skill      XL: |  1  2  3  4  5  6  7  8  9 10 11 12 13 14 15 |
---------------+----------------------------------------------+-----
Hexes          | 4 5 6 7 8 9 10 | 10.5
Spellcasting   | 3 4 5 6 7 9 10 12 | 12.9
Stealth        | 5 6 7 9 10 12 13 15 17 19 20 21 | 21.1
Fighting       | 1 2 3 4 5 6 7 8 |  8.1
Short Blades   | 3 4 5 6 7 8 |  8.9
Dodging        | 4 5 6 7 |  7.0
Armour         | 1 2 3 4 5 |  5.7
Ice Magic      | 1 2 3 4 5 6 |  6.1
Shields        | 1 2 3 4 5 |  5.4
Transmutations | 3 6 7 |  7.4
Poison Magic   | 2 4 5 |  5.8
Charms         | 2 5 |  5.0
Air Magic      | 1 2 |  2.9
Necromancy     | 2 |  2.2

Action                   |  1- 3 |  4- 6 |  7- 9 | 10-12 | 13-15 || total
-------------------------+-------+-------+-------+-------+-------++-------
Melee: Dagger            |    92 |    64 |   281 |   395 |  1009 ||  1841
 Cast: Corona            |    10 |       |       |       |       ||    10
       Ensorcelled Hiber |    11 |    13 |    73 |   125 |   318 ||   540
       Confuse           |       |     3 |    12 |    37 |   100 ||   152
       Cause Fear        |       |       |       |       |     3 ||     3
       Alistair's Intoxi |       |       |       |       |    14 ||    14
       Regeneration      |       |       |       |       |     4 ||     4
       Invisibility      |       |       |       |       |     1 ||     1
       Control Undead    |       |       |       |       |     1 ||     1
Invok: Curse Item        |       |       |     2 |     3 |     1 ||     6
       Scrying           |       |       |       |     8 |     6 ||    14
Evoke: Wand              |       |       |       |     2 |     4 ||     6
  Use: Scroll            |       |       |    17 |    17 |    19 ||    53
       Potion            |       |       |     1 |     1 |    10 ||    12
 Stab: Sleeping          |    13 |    13 |    53 |   123 |   199 ||   401
       Distracted        |     1 |       |     1 |     1 |    22 ||    25
       Confused          |       |     2 |     8 |    11 |    55 ||    76
       Invisible         |       |       |       |       |     4 ||     4
  Eat: Bread ration      |       |     1 |     1 |     1 |       ||     3
       Royal jelly       |       |       |     1 |       |     1 ||     2
       Pizza             |       |       |       |     2 |     8 ||    10
       Fruit             |       |       |       |       |     8 ||     8
Armor: Robe              |     4 |     4 |    22 |    20 |    53 ||   103
Dodge: Dodged            |    64 |    39 |   186 |   185 |   399 ||   873
Block: Buckler           |       |     2 |    77 |   112 |   270 ||   461
